 Dungeon Crawl Stone Soup version 0.18-a0-1561-g7b1e397 (webtiles) character file.

803 Oddball22 the Tainter (level 7, 0/46 HPs)
             Began as an Octopode Venom Mage on Mar 13, 2016.
             Was an Initiate of Sif Muna.
             Slain by an orc wizard
             ... wielding a +0 falchion of holy wrath
              (7 damage)
             ... on level 5 of the Dungeon.
             The game lasted 00:14:38 (4972 turns).

Oddball22 the Tainter (Octopode Venom Mage)         Turns: 4972, Time: 00:14:38

Health: 0/46       AC:  1    Str:  7    XL:     7   Next: 91%
Magic:  12/12      EV: 13    Int: 20    God:    Sif Muna [......]
Gold:   240        SH:  0    Dex: 12    Spells: 4 memorised, 3 levels left

rFire  + . .     SeeInvis .     c - +2 short sword (venom)
rCold  . . .     Gourm    +     (no shield)
rNeg   . . .     Faith    .     (helmet restricted)
rPois  .         Spirit   .     d - amulet of the gourmand
rElec  .         Dismiss  .     y - ring of protection from fire
rCorr  .         Reflect  .     (no ring)
SustAt .         Harm     .     (no ring)
MR     .....                    (no ring)
Stlth  +++.......               (no ring)
                                (no ring)
                                (no ring)
                                (no ring)

@: not resistant to hostile enchantments, fairly stealthy
A: almost no armour, amphibious, 8 rings, constrict 8, camouflage 1, gelatinous
body 1
a: Renounce Religion


You were on level 5 of the Dungeon.
You worshipped Sif Muna.
Sif Muna was noncommittal.
You were completely stuffed.

You visited 1 branch of the dungeon, and saw 5 of its levels.

You collected 240 gold pieces.

Inventory:

Hand Weapons
 c - a +2 short sword of venom (weapon)
 s - a +1 dagger of venom
 v - a +0 hand axe of flaming
Missiles
 h - 7 poisoned needles
Armour
 B - a +2 buckler
Jewellery
 d - an amulet of the gourmand (around mantle)
 y - a ring of protection from fire (left tentacle)
Wands
 r - a wand of flame (13/48)
 t - a wand of random effects (13/48)
Scrolls
 e - 2 scrolls of random uselessness {unknown}
 g - 3 scrolls of identify {unknown}
 k - a scroll of teleportation {unknown}
 l - 2 scrolls of remove curse {unknown}
 o - 2 scrolls of enchant armour {unknown}
 p - a scroll of fog {unknown}
 u - 2 scrolls of recharging {unknown}
 C - a scroll of immolation {unknown}
Potions
 i - 2 potions of lignification
 j - a potion of heal wounds {unknown}
 m - a potion of degeneration {unknown}
 n - a potion of agility {unknown}
 x - a potion of cancellation {unknown}
 z - a potion of ambrosia {unknown}
 A - a potion of invisibility {unknown}
Books
 a - a Young Poisoner's Handbook

   Spells                             Type                      Level
   a - Sting                          Conjuration/Poison           1
   b - Cure Poison                    Poison                       2
   c - Mephitic Cloud                 Conjuration/Poison/Air       3
   d - Olgreb's Toxic Radiance        Poison                       4
   e - Venom Bolt                     Conjuration/Poison           5
Comestibles
 b - 3 bread rations
 f - a beef jerky


   Skills:
 + Level 3.2 Fighting
 + Level 3.6 Dodging
 - Level 2.6 Stealth
 - Level 3.8 Spellcasting
 - Level 2.1 Conjurations
 * Level 8.3 Poison Magic


You had 3 spell levels left.
You knew the following spells:

 Your Spells              Type           Power        Failure   Level  Hunger
a - Sting                 Conj/Pois      ###.         1%          1    None
b - Cure Poison           Pois           #####.....   1%          2    ##.....
c - Mephitic Cloud        Conj/Pois/Air  ###.....     12%         3    ###....
d - Olgreb's Toxic Radia  Pois           #####...     6%          4    ####...


Dungeon Overview and Level Annotations

Branches:
Dungeon (5/15)
 Temple: D:4-7

Altars:
Pakellas
Sif Muna


Innate Abilities, Weirdness & Mutations

You cannot wear most types of armour.
You are amphibious.
You can wear up to eight rings at the same time.
You can use your tentacles to constrict eight enemies at once.
Your skin changes colour to match your surroundings (Stealth).
Your rubbery body absorbs attacks (AC +1).


Message History

You feel very sick. Something hits you.
* * * LOW HITPOINT WARNING * * *
You closely miss something.
* * * LOW HITPOINT WARNING * * *
You feel sick.
You hear some strange, mumbled words.
You are confused.
You miss something. You squeeze something.
* * * LOW HITPOINT WARNING * * *
You feel very sick. Something barely misses you.
Drink which item? (? for menu, Esc to quit)
You feel better.
You hear some strange, mumbled words.
A puff of flame appears from out of thin air!
The puff of flame hits you! You resist.
* * * LOW HITPOINT WARNING * * *
You closely miss something. Something hits you!
You die...

#############...<##....###
#....##....# ####.#......#
##### #.#......# #....
#)#......# #....
#.#......#
##....##.#.....##
.......#.# .......#@#
.......#{# .........#
......)### ....... .....##
##... #.. #.


There were no monsters in sight!

Vanquished Creatures
  A phantom (D:4)
  A giant frog (D:5)
  A howler monkey (D:5)
  An orc priest (D:3)
  A hound (D:4)
  4 orc wizards
  Terence (D:3)
  Jessica (D:2)
  2 iguanas (D:5)
  3 worker ants
  A hound skeleton (D:5)
  Robin (D:2)
  6 adders
  3 gnolls (D:5)
  An adder skeleton (D:4)
  3 worms
  2 dart slugs
  3 giant geckos
  16 orcs
  2 ball pythons (D:1)
  7 giant cockroaches
  18 goblins
  12 hobgoblins
  10 jackals (D:2)
  2 quokkas
  7 bats
  2 giant newts (D:1)
  11 kobolds
  25 rats
148 creatures vanquished.

Notes
Turn   | Place    | Note
--------------------------------------------------------------
     0 | D:1      | Oddball22 the Octopode Venom Mage began the quest for the Orb.
     0 | D:1      | Reached XP level 1. HP: 11/11 MP: 3/3
   259 | D:1      | Reached skill level 5 in Poison Magic
   259 | D:1      | Reached XP level 2. HP: 13/17 MP: 1/5
   809 | D:1      | Reached skill level 1 in Conjurations
   843 | D:1      | Reached XP level 3. HP: 21/21 MP: 1/7
  1267 | D:2      | Noticed Robin
  1334 | D:1      | Learned a level 2 spell: Cure Poison
  1338 | D:1      | Learned a level 3 spell: Mephitic Cloud
  1504 | D:2      | Reached XP level 4. HP: 12/27 MP: 1/8
  1697 | D:2      | Noticed Jessica
  1701 | D:2      | Killed Jessica
  2027 | D:2      | Killed Robin
  2027 | D:2      | Reached XP level 5. HP: 9/31 MP: 1/10
  2986 | D:2      | Learned a level 4 spell: Olgreb's Toxic Radiance
  3034 | D:3      | Found a deep blue altar of Sif Muna.
  3044 | D:3      | Became a worshipper of Sif Muna the Loreminder
  3165 | D:3      | Reached skill level 6 in Poison Magic
  3408 | D:3      | Noticed Terence
  3429 | D:3      | Killed Terence
  3429 | D:3      | Reached skill level 1 in Fighting
  3429 | D:3      | Reached XP level 6. HP: 36/38 MP: 5/11
  3599 | D:3      | Found an oddly glowing altar of Pakellas.
  3686 | D:4      | Noticed a phantom
  3703 | D:4      | Killed a phantom
  3889 | D:4      | Reached skill level 7 in Poison Magic
  3894 | D:4      | Reached XP level 7. HP: 43/45 MP: 8/12
  4283 | D:5      | Entered Level 5 of the Dungeon
  4633 | D:5      | Reached skill level 8 in Poison Magic
  4962 | D:5      | Paralysed by an orc for 4 turns
  4972 | D:5      | Slain by an orc wizard

Vault maps used:
D:1:      sevenhm_arrival_forest_fort_large_4
D:2:      minmay_rat_hole, uniq_robin, uniq_jessica
D:3:      lemuel_crystal_altar, grunt_pakellas_mercury, first_bread,
          uniq_terence
D:5:      serial_shops, shop

Skill      XL: |  1  2  3  4  5  6  7 |
---------------+----------------------+-----
Poison Magic   | 5 6 7 8 |  8.3
Conjurations   | 1 2 |  2.1
Spellcasting   | 3 |  3.8
Fighting       | 1 2 3 |  3.2
Dodging        | 3 |  3.6
Stealth        | |  2.6

Action                   |  1- 3 |  4- 6 |  7- 9 || total
-------------------------+-------+-------+-------++-------
Melee: Unarmed           |    39 |    35 |       ||    74
       Short sword       |       |    83 |    50 ||   133
       Hand axe          |       |     6 |     9 ||    15
 Cast: Sting             |    75 |    65 |    44 ||   184
       Mephitic Cloud    |       |       |     1 ||     1
Evoke: Wand              |       |     5 |       ||     5
  Use: Potion            |       |     3 |     1 ||     4
 Stab: Sleeping          |     1 |     3 |     1 ||     5
  Eat: Chunk             |    13 |     8 |     3 ||    24
